 Dungeon Crawl Stone Soup version 0.30.1-3-gfc49f6343a (webtiles) character file.

Game seed: 4001765382084277199

370240 spardeous the Alchemist (level 21, 0/168 HPs)
             Began as a Demigod Conjurer on Aug 6, 2023.
             Hit by a javelin thrown by a merfolk javelineer (8 damage)
             ... on level 4 of the Shoals on Aug 7, 2023.
             The game lasted 03:10:11 (89389 turns).

spardeous the Alchemist (Demigod Conjurer)         Turns: 89389, Time: 03:10:12

Health: 0/168      AC: 28    Str: 24    XL:     21   Next: 6%
Magic:  20/43      EV: 14    Int: 42    God:
Gold:   2443       SH: 23    Dex: 17    Spells: 13/46 levels left

rFire   + . .        D - +4 flail of Objectivity {pain, Drain rPois Str+4 Dex+5}
rCold   . . .        I - +5 kite shield {reflect}
rNeg    + + .        o - quicksilver dragon scales
rPois   +            t - +2 helmet of Indomitability {Int+2}
rElec   .            e - scarf {repulsion}
rCorr   .            L - +2 pair of gloves
SInv    +            A - +2 pair of boots
Will    +++++        y - amulet of Iheoc {Reflect rN++ Int-2 SH+5 SInv}
Stlth   +            G - ring of Spite {Will+ AC+4 SInv}
HPRegen 0.48/turn    Z - +6 ring of intelligence
MPRegen 0.28/turn

%: repel missiles, reflection
@: swift (expiring), marked, studying Ice Magic, very quick
A: high MP 1, forlorn, divine attributes, see invisible, fire resistance 1,
strong-willed 1
}: 1/15 runes: serpentine
a: no special abilities


You were on level 4 of the Shoals.
You visited 6 branches of the dungeon, and saw 34 of its levels.
You also visited: Gauntlet and Ice Cave.

You collected 4829 gold pieces.
You spent 2386 gold pieces at shops.

Inventory:

Hand Weapons
 D - the +4 flail of Objectivity (weapon) {pain, Drain rPois Str+4 Dex+5}
   (You found it on level 5 of the Dungeon)

   Str:       It affects your strength (+4).
   Dex:       It affects your dexterity (+5).
   rPois:     It protects you from poison.
   Drain:     It drains your maximum health when unequipped.
 Y - the +10 dark maul {heavy}
   (You found it on level 2 of the Depths)
Missiles
 U - a throwing net
Armour
 e - a scarf of repulsion (worn)
 o - quicksilver dragon scales (worn)
 t - the +2 helmet of Indomitability (worn) {Int+2}
   (You found it in a Gauntlet)

   Int:       It affects your intelligence (+2).
 A - a +2 pair of boots (worn)
 F - a +1 chain mail of cold resistance
 I - a +5 kite shield of reflection (worn)
 J - +0 storm dragon scales
 L - a +2 pair of gloves (worn)
 R - the +3 crystal plate armour of Ahomousk {Regen+ Str+4}
   (You acquired it on level 4 of the Snake Pit)

   Str:       It affects your strength (+4).
   Regen:     It increases your rate of health regeneration.
 X - +0 fire dragon scales
Magical Staves
 M - a staff of conjuration
 T - the staff of cold "Rejock" {rC+ Int+2 Stlth+}
   (You found it on level 12 of the Dungeon)

   [staff of cold]

   Base accuracy: +5 Base damage: 5 Base attack delay: 1.2 This weapon's minimum
   attack delay (0.6) is reached at skill level 12.
   Int:       It affects your intelligence (+2).
   rC:        It protects you from cold.
   Stlth:     It makes you more stealthy.
   It falls into the 'Staves' category.
   It is a one-handed weapon.
Jewellery
 w - a ring of wizardry
 y - the amulet of Iheoc (around neck) {Reflect rN++ Int-2 SH+5 SInv}
   (You bought it in a shop on level 11 of the Dungeon)

   [amulet of reflection]

   It reflects blocked missile attacks.
   Int:       It affects your intelligence (-2).
   rN:        It greatly protects you from negative energy.
   SInv:      It lets you see invisible.
   SH:        It affects your SH (+5).
 B - a ring of magical power
 G - the ring of Spite (left hand) {Will+ AC+4 SInv}
   (You bought it in a shop on level 11 of the Dungeon)

   [ring of protection]

   AC:        It affects your AC (+4).
   SInv:      It lets you see invisible.
   Will:      It increases your willpower.
 Z - a +6 ring of intelligence (right hand)
Wands
 g - a wand of digging (4)
 l - a wand of flame (125)
 q - a wand of mindburst (42)
 C - a wand of roots (42)
 N - a wand of acid (38)
Scrolls
 c - 4 scrolls of enchant armour
 d - 8 scrolls of magic mapping
 f - 8 scrolls of fog
 h - 8 scrolls of amnesia
 m - 3 scrolls of butterflies
 n - 5 scrolls of torment
 s - 5 scrolls of teleportation
 u - 5 scrolls of poison
 v - 7 scrolls of vulnerability
 x - 3 scrolls of brand weapon
 E - 4 scrolls of enchant weapon
 K - 10 scrolls of immolation
 Q - 2 scrolls of fear
 V - a scroll of silence
Potions
 a - 11 potions of attraction
 i - 4 potions of lignification
 j - 8 potions of might
 k - 7 potions of mutation
 p - 7 potions of brilliance
 r - 11 potions of curing
 z - a potion of resistance
 H - a potion of cancellation
 O - 4 potions of invisibility
 S - 8 potions of flight
 W - a potion of haste
Miscellaneous
 b - a phial of floods


   Skills:
 - Level 10.0 Fighting
 - Level 4.3 Maces & Flails
 - Level 11.0 Armour
 - Level 7.5 Dodging
 - Level 1.7 Stealth
 - Level 12.2 Shields
 - Level 13.0 Spellcasting
 - Level 12.1 Conjurations
 - Level 13.6 Necromancy
 - Level 10.0 Translocations
 + Level 15.6 Transmutations
 - Level 8.8 Earth Magic


You had 13 spell levels left.
You knew the following spells:

 Your Spells              Type           Power      Damage    Failure   Level
a - Iron Shot             Conj/Erth      43%        9d8       5%          6
b - Searing Ray           Conj           100%       2d8       1%          2
c - Iskenderun's Mystic   Conj/Tloc      88%        2d17      1%          4
d - Frozen Ramparts       Ice            54%        1d9       8%          3
e - Stone Arrow           Conj/Erth      100%       3d13      1%          3
f - Necromutation         Tmut/Necr      50%        N/A       38%         8
g - Wereblood             Tmut           100%       N/A       0%          2
h - Swiftness             Air            27%        N/A       8%          3
i - Sublimation of Blood  Necr           97%        N/A       0%          2

Your spell library contained the following spells:

 Spells                   Type           Power      Damage    Failure   Level
 Beastly Appendage        Tmut           100%       N/A       0%          1
 Necrotise                Necr           100%       1d9       0%          1
 Apportation              Tloc           100%       N/A       1%          1
 Foxfire                  Conj/Fire      100%       2x1d9     1%          1
 Magic Dart               Conj           100%       1d8       1%          1
 Shock                    Conj/Air       100%       1d9       1%          1
 Cigotuvi's Dreadful Rot  Necr/Pois/Air  100%       N/A       1%          2
 Lesser Beckoning         Tloc           100%       N/A       1%          2
 Passwall                 Tmut/Erth      76%        N/A       1%          2
 Static Discharge         Conj/Air       100%       2-7/arc   1%          2
 Dazzling Flash           Conj/Hex       100%       N/A       1%          3
 Gell's Gravitas          Tloc           84%        N/A       1%          3
 Hailstorm                Conj/Ice       67%        3d14      1%          3
 Ignite Poison            Fire/Tmut/Pois 63%        N/A       1%          3
 Portal Projectile        Hex/Tloc       100%       N/A       1%          3
 Teleport Other           Tloc           84%        N/A       1%          3
 Ice Form                 Ice/Tmut       75%        N/A       1%          4
 Passage of Golubria      Tloc           84%        N/A       1%          4
 Agony                    Necr           97%        N/A       1%          5
 Blade Hands              Tmut           51%        N/A       1%          5
 Iskenderun's Battlesphe  Conj           92%        2d14      1%          5
 Freeze                   Ice            100%       1d10      2%          1
 Summon Small Mammal      Summ           100%       N/A       2%          1
 Fulminant Prism          Conj/Hex       33%        3d16      2%          4
 Ensorcelled Hibernation  Hex/Ice        54%        N/A       3%          2
 Yara's Violent Unravell  Hex/Tmut       37%        3d15      3%          5
 Animate Armour           Summ/Erth      100%       N/A       4%          4
 Fireball                 Conj/Fire      33%        3d14      6%          5
 Ozocubu's Armour         Ice            27%        N/A       8%          3
 Tukima's Dance           Hex            27%        N/A       8%          3
 Freezing Cloud           Conj/Ice/Air   28%        6-21      14%         5
 Airstrike                Air            13%        2d(2-18)  26%         4
 Summon Ice Beast         Ice/Summ       27%        N/A       26%         4
 Summon Lightning Spire   Summ/Air       27%        N/A       26%         4
 Starburst                Conj/Fire      33%        6d10      32%         6
 Silence                  Hex/Air        13%        N/A       56%         5
 Spellforged Servitor     Conj/Summ      33%        N/A       88%         7
 Lehudib's Crystal Spear  Conj/Erth      43%        10d10     93%         8
 Plasma Beam              Fire/Air       13%        2x1d27    98%         6
 Ozocubu's Refrigeration  Ice            13%        4d10      100%        7
 Summon Hydra             Summ           13%        N/A       100%        7


Dungeon Overview and Level Annotations

Branches:
Dungeon (15/15)            Temple (0/1) D:4            Lair (5/5) D:10
 Shoals (4/4) Lair:3        Snake (4/4) Lair:3        Slime (0/5) Lair:4
    Orc (2/2) D:9             Elf (0/3) Orc:2        Vaults (0/5) D:13
 Depths (4/4) D:15 Zot: 836   IceCv (visited)         Gauntlet (visited)
    Zot: Depths:4

Shops:
D:5 *   D:8 ?(   D:11 =*?=(   D:13 *   Orc:2 ?:(!   Snake:3 =   Snake:4 (
Depths:3 (   Depths:4 (

Portals:
Hell: Depths:1 Depths:2 Depths:3 Depths:4
Abyss: Depths:1 Depths:3
Pandemonium: Depths:2 Depths:4
Ziggurat: Depths:4

Annotations:
Shoals:3 6 transporters


Innate Abilities, Weirdness & Mutations

You have an increased reservoir of magic. (+10% MP)
You shall have no god before yourself.
Your divine heritage dramatically boosts your attributes as you level up.
You have supernaturally acute eyesight. (SInv)
Your flesh is heat resistant. (rF+)
You are strong-willed. (Will+)


Message History

The wind drake looks as sick as possible!
The wind drake flaps its wings at you. The air twists around and strikes you.
* * * LOW HITPOINT WARNING * * *
The frost giant is engulfed in poison gas.
The frost giant is poisoned.
You take 12 damage, and have 30/168 hp.
Unknown command.
As you read the scroll of fog, it crumbles to dust.
The scroll dissolves into smoke.
You kill the merfolk javelineer!
You hear a splash. x3
The merfolk is engulfed in poison gas.
The merfolk looks even sicker.
The merfolk aquamancer looks as sick as possible!
A merfolk comes into view. It is wielding a +0 trident.
The merfolk javelineer is engulfed in poison gas.
The merfolk javelineer looks even sicker.
The merfolk javelineer throws a silver javelin.
The silver javelin pierces through you!
* * * LOW HITPOINT WARNING * * *
The silver sears you!
* * * LOW HITPOINT WARNING * * *
The merfolk impaler is engulfed in poison gas.
The merfolk impaler looks as sick as possible!
A water elemental comes into view.
The merfolk avatar is engulfed in poison gas.
The merfolk avatar looks as sick as possible!
The merfolk avatar chants a haunting song.
You resist with almost no effort.
The wind drake is engulfed in poison gas.
The wind drake looks as sick as possible!
The merfolk javelineer is engulfed in poison gas.
The merfolk javelineer looks even sicker.
The merfolk aquamancer casts a spell at you.
The ball of steam misses you.
The merfolk javelineer is engulfed in poison gas.
The merfolk javelineer looks even sicker.
The merfolk javelineer throws a javelin.
The javelin pierces through you!
You die...

......?~###
○○§§.m§§☼☼○§## .
~§§☼☼..§C§.)○§#####..
.§§m☼☼.§.m§○§§§§~~~..
.○§§☼§.#○m○)§§○☼.~~m.
.§§☼.m§#§m§.○.§§.~~~.
.§○§§§○#t§§..§§☼.~~~~
.§.§§m§§☼§○§§§§§~~~~~
.E○m☼km§@§.○§)(§~~~~~
.§§E☼E§§§§§○☼☼☼○~~~~~
~○○§§☼§☼○§☼.☼§§○~m~~~
~~§☼§○☼☼○§~~§§☼§~~~..
$m§§§~m§☼§§☼§§§§~~~..
~§§§§§§○○§☼§§§§○~~...
###§§○§§§§§§○§☼§
○##§☼☼○§§§§☼§§ ~~
~~~~~~~~~~~


You could see an alligator snapping turtle (poisoned), a frost giant (poisoned),
a merfolk avatar (extremely poisoned), a merfolk impaler (extremely poisoned), 4
merfolk javelineers, 2 merfolk aquamancers, a wind drake (repels missiles,
extremely poisoned), 2 merfolk and 3 water elementals.

Vanquished Creatures
  A juggernaut (Depths:4)
  Boris (Depths:4)
  Vashnia (Snake:2)
  2 caustic shrikes
  2 golden dragons (Depths:4)
  Nikola (Snake:4)
  An iron giant (Depths:2)
  Jorgrun (Shoals:1)
  4 tentacled monstrosities
  A walking crystal tome (Depths:4)
  4 liches
  Rupert (Lair:1)
  A titan (Depths:4)
  2 quicksilver dragons (Snake:4)
  Frances (Shoals:1)
  3 sphinxes
  Kirke (Lair:5)
  4 shadow dragons (Depths:4)
  A storm dragon (Depths:4)
  Donald (Snake:4)
  2 nagarajas
  7 frost giants
  The ghost of Ecan the Blasphemer, an adept KoGl of Zin (D:15)
  7 fire giants
  2 iron dragons (Depths:2)
  A caustic shrike zombie (Depths:2)
  3 spectral caustic shrikes (Depths:2)
  The ghost of Anandil the Tortoise, a journeyman DsFi of Ru (Shoals:2)
  A reaper (IceCv)
  2 spriggan defenders (Depths:2)
  6 stone giants
  21 very ugly things
  A vampire knight (Depths:3)
  2 yellow draconians (Depths:4)
  A purple draconian (Depths:4)
  2 black draconians (Depths:4)
  A red draconian (Depths:4)
  8 spark wasps
  2 white draconians (Depths:4)
  A minotaur (Gauntlet)
  5 ettins
  A green death (Depths:4)
  5 merfolk impalers
  3 merfolk javelineers
  7 fire dragons
  Josephine (D:15)
  A jiangshi (Depths:3)
  A great orb of eyes (Gauntlet)
  3 salamander tyrants (Snake:4)
  6 ice dragons
  A hell beast (Depths:3)
  8 vault guards (D:13)
  A catoblepas (D:15)
  3 rakshasas
  The ghost of Duxez the Geomancer, a journeyman GrEE (D:12)
  7 hydras
  2 ogre magi (Orc:2)
  3 centaur warriors
  4 alligators
  9 anacondas
  3 spriggan air magi
  2 merfolk aquamancers (Shoals:2)
  7 two-headed ogres
  8 tengu warriors
  2 boulder beetles
  A boulder beetle (shapeshifter) (Depths:4)
  A dancing weapon (Shoals:2)
  A satyr (Shoals:2)
  13 naga warriors
  11 naga sharpshooters
  13 deep troll earth magi
  A hell hog (Depths:3)
  8 deep troll shamans
  6 shock serpents
  10 spriggan berserkers
  2 deep elf knights (D:15)
  A soul eater (Depths:3)
  6 hell knights (Depths:2)
  Sonja (D:13)
  5 skysharks
  A sixfirhy (Gauntlet)
  2 vampire magi
  12 sea snakes
  A golden dragon zombie (Depths:2)
  16 iron trolls
  5 spriggans
  6 skeletal warriors
  5 naga ritualists (Snake:4)
  5 salamander mystics
  A quicksilver dragon simulacrum (Depths:3)
  2 glowing orange brains (Depths:1)
  19 deep trolls
  A wizard (D:14)
  4 swamp dragons
  2 necromancers
  5 harpies
  Pikel (D:5)
  2 frost giant zombies (D:15)
  9 fauns
  2 deep elf pyromancers (D:13)
  An oklob plant (Lair:3)
  13 mana vipers
  6 orc knights
  23 ugly things
  9 orc sorcerers
  3 wolf spiders
  40 salamanders
  5 cyclopes
  6 manticores
  5 merfolk sirens
  4 elephants (Lair:3)
  10 guardian serpents
  44 black mambas
  17 naga magi
  7 water nymphs
  A centaur zombie (D:12)
  3 spectral centaurs (D:12)
  A smoke demon (Depths:4)
  16 cane toads
  An ice statue (IceCv)
  A kobold demonologist (D:12)
  2 rime drakes
  7 komodo dragons
  An unseen horror (D:12)
  4 tengu conjurers
  4 ice devils
  2 freezing wraiths
  A guardian mummy (D:15)
  A red devil (Depths:4)
  A spriggan skeleton (D:15)
  A troll (shapeshifter) (D:15)
  6 trolls
  A tyrant leech (shapeshifter) (Depths:2)
  17 merfolk
  10 hornets
  A tengu simulacrum (Depths:2)
  4 polar bears (Lair:1)
  5 wind drakes
  20 blink frogs
  An ettin zombie (D:15)
  5 snapping turtles
  Sigmund (D:3)
  6 slime creatures
  A ynoxinul (Depths:4)
  A centaur simulacrum (D:12)
  9 water elementals
  A vampire (D:11)
  16 wyverns
  3 shadows
  A dire elephant simulacrum (IceCv)
  7 wraiths
  7 hogs (Lair:5)
  A human (Lair:1)
  3 basilisks
  3 fire bats (Depths:3)
  35 yaks
  3 steam dragons
  A fire elemental (Depths:2)
  7 vampire mosquitoes
  10 redbacks
  4 wargs
  Edmund (D:5)
  34 nagas
  2 swamp worms (Snake:2)
  30 water moccasins
  5 acid dragons
  Duvessa (D:5)
  A spectral hornet (D:12)
  10 black bears
  A glowing shapeshifter skeleton (Depths:2)
  3 swamp drakes
  16 orc warriors
  A sky beast (D:7)
  9 ogres
  16 wolves
  13 centaurs
  A phantom (D:7)
  4 lemures
  4 kobold brigands
  The ghost of jujuben the Firebug, an amateur TeFE (D:3)
  A gnoll sergeant (D:12)
  8 bullfrogs
  5 two-headed ogre simulacra (IceCv)
  4 scorpions
  3 cane toad simulacra (IceCv)
  3 wights (D:7)
  Dowan (D:5)
  A hornet simulacrum (D:12)
  3 elephant simulacra (IceCv)
  7 killer bees
  16 howler monkeys
  A vampire bat (D:14)
  An electric eel (D:6)
  4 hounds
  3 lava snakes (Snake:3)
  18 orc priests
  15 jellies
  3 sleepcaps
  Jessica (D:3)
  Natasha (thrice) (D:3)
  38 orc wizards
  7 iguanas
  3 polar bear simulacra (IceCv)
  4 troll simulacra (IceCv)
  3 spriggan simulacra (IceCv)
  2 wolf simulacra (IceCv)
  A boggart simulacrum (D:12)
  12 gnolls
  8 adders
  4 naga simulacra (IceCv)
  A shadow imp (D:8)
  10 white imps
  15 ufetubi
  3 worms
  A dart slug (D:1)
  85 orcs
  3 ball pythons
  10 bats
  12 endoplasms
  2 giant cockroaches
  6 goblins
  5 hobgoblins
  3 jackals (D:4)
  4 quokkas
  5 frilled lizards
  21 kobolds
  6 rats
1339 creatures vanquished.

Vanquished Creatures (others)
  A walking crystal tome (Depths:2)
  2 manticores
  2 merfolk
  An orc (Orc:2)
6 creatures vanquished.

Grand Total: 1345 creatures vanquished

Notes
Turn   | Place    | Note
-------+----------+-------------------------------------------
     0 | D:1      | spardeous the Demigod Conjurer began the quest for the Orb.
     0 | D:1      | Reached XP level 1. HP: 14/14 MP: 5/5
   367 | D:1      | Reached XP level 2. HP: 19/20 MP: 1/7
  1060 | D:2      | Reached XP level 3. HP: 26/26 MP: 3/9
  1158 | D:1      | Learned a level 2 spell: Searing Ray
  1490 | D:2      | Reached XP level 4. HP: 33/33 MP: 4/11
  2414 | D:3      | Noticed Jessica
  2456 | D:3      | Killed Jessica
  2510 | D:3      | Noticed Sigmund
  2530 | D:3      | Killed Sigmund
  2531 | D:3      | Reached skill level 5 in Conjurations
  2531 | D:3      | Reached XP level 5. HP: 22/38 MP: 0/14
  2531 | D:3      | Reached XP level 6. HP: 26/45 MP: 0/15
  2758 | D:3      | Found a runed translucent door.
  2759 | D:3      | Noticed jujuben's ghost (amateur TeFE)
  2778 | D:3      | Noticed Natasha
  2788 | D:3      | Killed Natasha
  2840 | D:3      | Noticed Natasha
  2844 | D:3      | Killed Natasha
  3175 | D:3      | Noticed Natasha
  3183 | D:3      | Killed Natasha
  3705 | D:3      | Learned a level 4 spell: Iskenderun's Mystic Blast
  4066 | D:4      | Found a staircase to the Ecumenical Temple.
  4325 | D:4      | Reached XP level 7. HP: 47/50 MP: 11/17
  4480 | D:4      | Reached skill level 5 in Spellcasting
  5115 | D:5      | Entered Level 5 of the Dungeon
  5136 | D:5      | Found Ehask's Assorted Antiques.
  5144 | D:5      | Bought a fizzy purple potion for 24 gold pieces
  5144 | D:5      | Bought a shiny steel ring for 135 gold pieces
  5144 | D:5      | Bought a scroll labelled HATAGAKAPO for 27 gold pieces
  5585 | D:5      | Noticed a two-headed ogre
  5596 | D:5      | Killed a two-headed ogre
  5597 | D:5      | Reached XP level 8. HP: 7/57 MP: 5/21
  5600 | D:5      | Noticed Edmund
  5931 | D:5      | Noticed Duvessa
  5932 | D:5      | Noticed Dowan
  5940 | D:5      | Noticed Pikel
  5941 | D:5      | Killed Duvessa
  5941 | D:5      | Killed Dowan
  6014 | D:5      | Reached skill level 1 in Translocations
  6203 | D:5      | Killed Pikel
  6737 | D:5      | Identified the +4 flail of Objectivity {pain, Drain rPois
                  | Str+4 Dex+5}
  6919 | D:6      | Reached skill level 5 in Translocations
  6958 | D:6      | Noticed a two-headed ogre
  7023 | D:5      | Killed Edmund
  7024 | D:5      | Reached XP level 9. HP: 30/60 MP: 4/22
  7665 | D:6      | Killed a two-headed ogre
  8899 | D:3      | Killed jujuben's ghost
  9589 | D:7      | Reached XP level 10. HP: 27/69 MP: 4/23
  9971 | D:7      | Reached skill level 10 in Translocations
 11378 | D:8      | Found Toxedgha's Hydra Hut.
 11381 | D:8      | Noticed a seven-headed hydra
 11616 | D:8      | Found Deduh's Magic Scroll Shop.
 11651 | D:8      | Bought a scroll of fear for 52 gold pieces
 11651 | D:8      | Bought a scroll of teleportation for 39 gold pieces
 11651 | D:8      | Bought a scroll of blinking for 97 gold pieces
 11651 | D:8      | Bought a scroll of enchant armour for 97 gold pieces
 12043 | D:9      | Found a staircase to the Orcish Mines.
 12844 | D:10     | Entered Level 10 of the Dungeon
 12984 | D:10     | Reached XP level 11. HP: 53/74 MP: 15/29
 12986 | D:10     | Reached skill level 10 in Spellcasting
 13118 | D:10     | Found a staircase to the Lair.
 13123 | D:10     | Reached skill level 1 in Shields
 13944 | D:10     | Reached skill level 5 in Shields
 14361 | D:11     | HP: 1/74 [something (11)]
 14871 | D:11     | Noticed a two-headed ogre
 14881 | D:11     | Killed a two-headed ogre
 14987 | D:11     | Found Niekeitso's Assorted Antiques.
 14988 | D:11     | Found Rizip's Jewellery Shoppe.
 15000 | D:11     | Noticed a boulder beetle
 15012 | D:11     | Learned a level 3 spell: Frozen Ramparts
 15016 | D:11     | Learned a level 3 spell: Stone Arrow
 15075 | D:11     | Killed a boulder beetle
 15212 | D:11     | Found Couj's Magic Scroll Shop.
 15356 | D:11     | Bought a scroll of identify for 22 gold pieces
 15356 | D:11     | Bought a scroll of poison for 44 gold pieces
 15403 | D:11     | Found Muegumy's Jewellery Shoppe.
 15573 | D:11     | Found Kuxkeshre's Antique Weapon Boutique.
 15606 | D:11     | Reached skill level 1 in Fighting
 16090 | D:12     | Noticed a two-headed ogre
 16114 | D:12     | Killed a two-headed ogre
 16271 | D:12     | Identified the staff of cold "Rejock" {rC+ Int+2 Stlth+}
 16355 | D:12     | Reached XP level 12. HP: 93/93 MP: 2/30
 16509 | D:12     | Reached skill level 5 in Fighting
 16796 | D:12     | Found a runed translucent gate.
 16796 | D:12     | Found a runed translucent gate.
 16797 | D:12     | Found a runed translucent gate.
 17407 | D:12     | Noticed Duxez's ghost (journeyman GrEE)
 17437 | D:12     | Killed Duxez's ghost
 17566 | D:12     | Reached XP level 13. HP: 102/102 MP: 31/31
 17649 | Lair:1   | Entered Level 1 of the Lair of Beasts
 17737 | Lair:1   | Found a runed translucent door.
 17742 | Lair:1   | Noticed Rupert
 18021 | Lair:1   | Found a gate leading to a gauntlet.
 18030 | Gauntlet | Entered a Gauntlet
 18030 | Gauntlet | Found a transporter.
 18030 | Gauntlet | Found a transporter.
 18030 | Gauntlet | Found a transporter.
 18116 | Gauntlet | Found a transporter.
 18119 | Gauntlet | Found a transporter.
 18119 | Gauntlet | Found a transporter.
 18129 | Gauntlet | Found a transporter.
 18133 | Gauntlet | Found a transporter.
 18143 | Gauntlet | Found a transporter.
 18246 | Gauntlet | Found a transporter.
 18248 | Gauntlet | Found a transporter.
 18260 | Gauntlet | Found a transporter.
 18386 | Gauntlet | Got Bankocw's Codex of Reformed Accomplices
 18445 | Gauntlet | Reached skill level 10 in Shields
 18466 | Gauntlet | Identified the +2 helmet of Indomitability {Int+2}
 18547 | Gauntlet | Noticed a minotaur
 18556 | Gauntlet | Killed a minotaur
 19872 | Lair:2   | Reached skill level 10 in Conjurations
 19901 | Lair:2   | Learned a level 8 spell: Necromutation
 20153 | Lair:2   | Reached skill level 1 in Necromancy
 21554 | Lair:3   | Reached skill level 1 in Transmutations
 21581 | Lair:3   | Found a staircase to the Snake Pit.
 22451 | Lair:3   | Found a staircase to the Shoals.
 22497 | Lair:3   | Reached skill level 2 in Transmutations
 23187 | Lair:4   | Reached skill level 5 in Necromancy
 23280 | Lair:4   | Found a frozen archway.
 23348 | IceCv    | Entered an ice cave
 23564 | IceCv    | Reached XP level 14. HP: 70/110 MP: 8/32
 24198 | IceCv    | Noticed a reaper
 24292 | IceCv    | Killed a reaper
 24293 | IceCv    | Reached skill level 3 in Transmutations
 25427 | Lair:4   | Found a staircase to the Slime Pits.
 26748 | Lair:1   | Killed Rupert
 26763 | Lair:1   | Identified the +3 scale mail of the Keeping Gods {rC-
                  | Str+5}
 26889 | D:11     | Bought the amulet of Iheoc {Reflect rN++ Int-2 SH+5 SInv}
                  | for 617 gold pieces
 26986 | D:13     | Noticed Sonja
 26989 | D:13     | Killed Sonja
 27974 | D:13     | Found Cykk's Assorted Antiques.
 28825 | D:13     | Found a gate to the Vaults.
 29512 | Lair:5   | Entered Level 5 of the Lair of Beasts
 29742 | Lair:5   | Noticed Kirke
 29826 | Lair:5   | Killed Kirke
 30880 | Lair:5   | Reached skill level 4 in Transmutations
 31160 | Lair:5   | Reached XP level 15. HP: 20/115 MP: 2/36
 36121 | D:14     | Identified the +0 chain mail of the Raven {Regen+ Dex+6}
 36374 | Orc:1    | Entered Level 1 of the Orcish Mines
 36819 | Orc:2    | Entered Level 2 of the Orcish Mines
 36819 | Orc:2    | Found a staircase to the Elven Halls.
 37877 | Orc:2    | Found Facweg's Distillery.
 38117 | Orc:2    | Found Ecsadwon's Magic Scroll Boutique.
 38146 | Orc:2    | Found Kocoam's Book Shop.
 38479 | Orc:2    | Paralysed by an orc sorcerer for 3 turns
 38692 | Orc:2    | Found Cewnoech's Antique Weapon Boutique.
 39417 | Orc:2    | Bought a book of Power for 546 gold pieces
 39666 | D:15     | Entered Level 15 of the Dungeon
 39666 | D:15     | Found a runed translucent gate.
 39666 | D:15     | Found a runed translucent gate.
 39666 | D:15     | Found a runed translucent gate.
 39950 | D:15     | Noticed Josephine
 39967 | D:15     | Killed Josephine
 40577 | D:14     | Learned a level 6 spell: Iron Shot
 41396 | D:15     | Found a staircase to the Depths.
 41794 | D:15     | Noticed Ecan's ghost (adept KoGl)
 41795 | D:15     | Identified the -8 robe "Utex" {Will+ Slay+3}
 41903 | D:15     | Reached skill level 10 in Armour
 42557 | D:15     | Killed Ecan's ghost
 42885 | D:11     | Bought the ring of Spite {Will+ AC+4 SInv} for 686 gold
                  | pieces
 43039 | Snake:1  | Entered Level 1 of the Snake Pit
 43816 | Snake:1  | Reached XP level 16. HP: 123/126 MP: 25/37
 44412 | Snake:1  | Found a transporter.
 44418 | Snake:1  | Found a transporter.
 45778 | Snake:2  | Learned a level 2 spell: Wereblood
 45782 | Snake:2  | Learned a level 3 spell: Swiftness
 46091 | Snake:2  | Noticed a tentacled monstrosity
 46153 | Snake:2  | Reached skill level 5 in Transmutations
 46218 | Snake:2  | Killed a tentacled monstrosity
 46288 | Snake:2  | Noticed a tentacled monstrosity
 47220 | Snake:2  | Noticed Vashnia
 47579 | Snake:2  | Reached skill level 6 in Transmutations
 48840 | Snake:2  | Killed Vashnia
 49291 | Snake:2  | Noticed a tentacled monstrosity
 49316 | Snake:2  | Killed a tentacled monstrosity
 49461 | Snake:2  | Killed a tentacled monstrosity
 49713 | Snake:2  | Reached skill level 7 in Transmutations
 51820 | Snake:3  | Reached skill level 8 in Transmutations
 52688 | Snake:3  | Found Koepuf's Jewellery Emporium.
 52747 | Snake:3  | Reached skill level 9 in Transmutations
 53104 | Snake:3  | Identified a scroll of acquirement
 53871 | Snake:3  | Learned a level 2 spell: Sublimation of Blood
 53875 | Snake:3  | Gained mutation: You are frail. (-10% HP) [potion of
                  | mutation]
 53875 | Snake:3  | Gained mutation: You have sharp fingernails. [potion of
                  | mutation]
 53876 | Snake:3  | Lost mutation: You are frail. (-10% HP) [potion of
                  | mutation]
 53876 | Snake:3  | Lost mutation: You have sharp fingernails. [potion of
                  | mutation]
 53876 | Snake:3  | Gained mutation: You are partially covered in iridescent
                  | scales. (AC +2) [potion of mutation]
 53876 | Snake:3  | Gained mutation: You expend magic power (3 MP) to
                  | strengthen your wands. [potion of mutation]
 53877 | Snake:3  | Lost mutation: You are partially covered in iridescent
                  | scales. (AC +2) [potion of mutation]
 53877 | Snake:3  | Lost mutation: You expend magic power (3 MP) to strengthen
                  | your wands. [potion of mutation]
 53877 | Snake:3  | Gained mutation: Your flesh is heat resistant. (rF+)
                  | [potion of mutation]
 53877 | Snake:3  | Gained mutation: You are vulnerable to cold. (rC-) [potion
                  | of mutation]
 53877 | Snake:3  | Gained mutation: You are dopey. (Int -2) [potion of
                  | mutation]
 53878 | Snake:3  | Lost mutation: You are vulnerable to cold. (rC-) [potion of
                  | mutation]
 53878 | Snake:3  | Lost mutation: You are dopey. (Int -2) [potion of mutation]
 53878 | Snake:3  | Gained mutation: You are strong-willed. (Will+) [potion of
                  | mutation]
 53878 | Snake:3  | Gained mutation: You have supernaturally acute eyesight.
                  | (SInv) [potion of mutation]
 53962 | Snake:4  | Entered Level 4 of the Snake Pit
 54516 | Snake:4  | Found Gaf Riett's Firing Range.
 54625 | Snake:4  | Reached skill level 10 in Transmutations
 54919 | Snake:4  | Reached XP level 17. HP: 100/135 MP: 1/38
 55636 | Snake:4  | Reached skill level 10 in Necromancy
 56248 | Snake:4  | Noticed Donald
 56272 | Snake:4  | Killed Donald
 57501 | Snake:4  | Noticed Nikola
 57505 | Snake:4  | Reached skill level 5 in Dodging
 57509 | Snake:4  | Killed Nikola
 57793 | Snake:4  | Noticed a quicksilver dragon
 57798 | Snake:4  | Noticed a quicksilver dragon
 58450 | Snake:4  | Killed a quicksilver dragon
 58676 | Snake:4  | Killed a quicksilver dragon
 58920 | Snake:4  | Got a serpentine rune of Zot
 59072 | Snake:4  | Acquired the +3 crystal plate armour of Ahomousk {Regen+
                  | Str+4}
 59490 | Depths:1 | Entered Level 1 of the Depths
 60256 | Depths:1 | Found a gateway to Hell.
 60326 | Depths:1 | Found a one-way gate to the infinite horrors of the Abyss.
 61000 | Depths:1 | Found a transporter.
 61028 | Depths:1 | Reached skill level 11 in Transmutations
 61713 | Depths:1 | Reached skill level 1 in Earth Magic
 62009 | Depths:1 | Found a transporter.
 64061 | Depths:2 | Noticed a lich
 64078 | Depths:2 | Killed a lich
 64079 | Depths:2 | Reached skill level 5 in Earth Magic
 64280 | Depths:2 | Reached XP level 18. HP: 81/143 MP: 4/39
 67157 | Depths:2 | Found a one-way gate leading to the halls of Pandemonium.
 67743 | Depths:2 | Noticed an iron giant
 67751 | Depths:2 | Killed an iron giant
 68061 | Depths:2 | Found the +10 dark maul {heavy}
 69327 | Depths:3 | Noticed a tentacled monstrosity
 69475 | Depths:3 | Reached skill level 12 in Transmutations
 69479 | Depths:3 | Killed a tentacled monstrosity
 71078 | Depths:3 | Identified the +1 robe of Howling Wind {Harm rN+ Int-4}
 72572 | Depths:3 | Reached skill level 10 in Fighting
 73168 | Depths:3 | Reached skill level 13 in Transmutations
 73272 | Depths:3 | Noticed a caustic shrike
 73288 | Depths:2 | Killed a caustic shrike
 75332 | Depths:3 | Found Seaxtaor's Antique Weapon Shoppe.
 75352 | Depths:3 | Noticed a caustic shrike
 75375 | Depths:3 | Killed a caustic shrike
 75674 | Depths:4 | Entered Level 4 of the Depths
 75754 | Depths:4 | Reached XP level 19. HP: 154/154 MP: 21/40
 76193 | Depths:4 | Noticed a golden dragon
 76200 | Depths:4 | Killed a golden dragon
 76397 | Depths:4 | Found a one-way gateway to a ziggurat.
 76451 | Depths:4 | Found Alalih's Weapon Shop.
 79542 | Depths:4 | Noticed a golden dragon
 79562 | Depths:4 | Killed a golden dragon
 80285 | Depths:4 | Reached skill level 1 in Maces & Flails
 80402 | Depths:4 | Noticed a juggernaut
 80481 | Depths:4 | Killed a juggernaut
 83137 | Depths:4 | Noticed Boris
 83149 | Depths:4 | Killed Boris
 83323 | Depths:4 | Glimpsed the power of Zot.
 83733 | Shoals:1 | Entered Level 1 of the Shoals
 83746 | Shoals:1 | Noticed Jorgrun
 83868 | Shoals:1 | Killed Jorgrun
 84448 | Shoals:1 | Reached skill level 14 in Transmutations
 84706 | Shoals:1 | Noticed Frances
 84712 | Shoals:1 | Killed Frances
 86349 | Shoals:2 | Found a runed translucent door.
 86360 | Shoals:2 | Noticed Anandil's ghost (journeyman DsFi)
 86361 | Shoals:2 | Identified the +5 demon whip "Byebuyni" {chaos, Dex+4}
 86377 | Shoals:2 | Killed Anandil's ghost
 86682 | Shoals:2 | Reached skill level 15 in Transmutations
 87387 | Shoals:2 | Reached XP level 20. HP: 161/161 MP: 42/42
 87941 | Shoals:3 | Found a transporter.
 87943 | Shoals:3 | Found a transporter.
 87947 | Shoals:3 | Found a transporter.
 87949 | Shoals:3 | Found a transporter.
 87973 | Shoals:3 | Found a transporter.
 87973 | Shoals:3 | Found a transporter.
 87981 | Shoals:3 | Reached XP level 21. HP: 168/168 MP: 24/43
 88797 | Shoals:4 | Entered Level 4 of the Shoals
 89389 | Shoals:4 | HP: 8/168 [merfolk javelineer/silver javelin (6)]
 89389 | Shoals:4 | Hit by a javelin thrown by a merfolk javelineer

Illustrated notes

Levels and vault maps discovered:
D:1:      scummos_arrival_star, layout_rooms, ebering_ecumenical_altar_box,
          minmay_small_reverse_x
D:2:      layout_basic
D:3:      wad_lake_hut, layout_rooms, gammafunk_ghost_grave,
          guppyfry_early_lair_pool, uniq_sigmund, uniq_natasha, uniq_jessica
D:4:      layout_layer_cave, mainiacjoe_overflow_paths,
          minmay_temple_entry_drinking_statues
D:5:      layout_loops_ring, mainiacjoe_overflow_alcove_4, serial_shops,
          nicolae_shop_getting_attention, uniq_edmund, uniq_pikel, uniq_duvessa
D:6:      minmay_opposing_rooms, layout_rooms, serial_bayou_lagoon_a,
          nicolae_kite_square_tiling_tiny
D:7:      layout_basic, mainiacjoe_overflow_cross_hatched, hex_intersection,
          minivault_19, minmay_starry_boxes
D:8:      layout_rooms, zin_academy, yredelemnul_altar_generic, serial_shops,
          nicolae_shop_peninsula, corexii_corridor_pit, doesnt_shop_hydraphobe
D:9:      layout_basic, pdpol_wu_jian_five_deadly_venoms, orc_0_dummy
D:10:     layout_cave_pods, lemuel_round_altar, minmay_lair_entry_grove
D:11:     minmay_general_purpose_star, layout_basic, serial_shops, shop, shop,
          shop, shop, nicolae_square_shop
D:12:     layout_loops_ring, special_room [special_room_orc],
          gammafunk_ghost_necromancy
D:13:     layout_roguey, erik_vaults_2, kennysheep_windowed_goal, uniq_sonja
D:14:     layout_basic, kennysheep_doodads, roderic_batcave
D:15:     gammafunk_depths_entry_grave, layout_rooms, nicolae_benzene_ring,
          gammafunk_ghost_fury_of_okawaru, uniq_josephine
Lair:1:   beast_lair_carwin_large_1, layout_regular_city, basic_altar,
          gauntlet_entry_generic, serial_rivers, chequers_serial_rivers_large_a,
          chequers_serial_rivers_marsh, chequers_serial_rivers_room_a,
          chequers_serial_rivers_micro_a, chequers_serial_rivers_room_a,
          chequers_serial_rivers_small_a, pdpol_lair_cabin_in_the_woods
Lair:2:   layout_long_grid, lemuel_altar_in_water2
Lair:3:   layout_chaotic_city, shoals_dummy_entry,
          minmay_snake_entry_six_corridors, lemuel_fruit_tree
Lair:4:   hellmonk_destroyed_diamonds, layout_big_grid,
          minmay_slime_entry_jelly_boxes, portal_ice_cave_entry_pillars_2,
          serial_bayou_shore_b, uniq_rupert
Lair:5:   hangedman_lair_tendril_chambers, layout_regular_city,
          guppyfry_lair_end_dragon, chequers_serial_rivers_large_b,
          grunt_megastairs_1, serial_bayou_shore_b, uniq_kirke
Shoals:1: layout_shoals, uniq_jorgrun, uniq_frances
Shoals:2: cheibrodos_shoals_oceanic_diplomacy, layout_shoals, ebering_ghost_xom,
          nicolae_splish_splash
Shoals:3: layout_shoals, serial_nicolae_subway, nicolae_sub_station_stone,
          nicolae_sub_station_crystal, nicolae_sub_station_metal
Shoals:4: shoals_end_grunt_ice, layout_shoals,
          nicolae_shoals_kraken_intersection
Snake:1:  gammafunk_the_bubble [the_bubble_gammafunk_crates], layout_chambers,
          drop_trap, grunt_megastairs_4
Snake:2:  onia_ninara_swampy_vault, layout_concentric_octagons, uniq_vashnia
Snake:3:  layout_concentric_octagons, serial_shops,
          nicolae_shop_pleasant_corner_grove, nicolae_snake_salamander_zone
Snake:4:  hellmonk_snake_rune_quicksilver_temple, layout_basic,
          nicolae_shop_firing_range, uniq_donald, uniq_nikola
Orc:1:    layout_diamond_mine
Orc:2:    kennysheep_orc_mage_school, layout_caves, basic_altar
Depths:1: layout_basic, chequers_big_river, hangedman_coc_ice_floe, abyss_entry,
          grunt_decor_one_mirror, drop_trap, chequers_serial_rivers_micro_c,
          nicolae_diode_stairs
Depths:2: minmay_roctagon, layout_basic, pf_hell_entry_tar_river, pan_entry,
          minmay_misc_feat_five, uniq_josephina
Depths:3: evilmike_lava_path, layout_cave_pools, serial_shops,
          nicolae_shop_behind_doors, abyss_entry, grunt_mini_vestibule,
          nicolae_uskayaw_suspiria
Depths:4: evilmike_zot_entry_castle, layout_cave_shapes, enter_ziggurat_f,
          rand_demon_pan_entry_9, minmay_crystal_water, serial_shops, shop,
          hell_entry, drop_trap, serial_bayou_shore_b, uniq_boris

Skill      XL: |  1  2  3  4  5  6  7  8  9 10 11 12 13 14 15 16 17 18 19 |
---------------+----------------------------------------------------------+-----
Spellcasting   | 2 4 6 9 10 12 13 | 13.0
Conjurations   | 4 5 6 7 8 10 11 12 | 12.1
Translocations | 5 9 10 | 10.0
Shields        | 7 9 10 12 | 12.2
Fighting       | 4 6 7 8 10 | 10.0
Armour         | 6 11 | 11.0
Necromancy     | 5 6 9 10 11 13 | 13.6
Transmutations | 2 4 10 11 13 15 | 15.6
Dodging        | 7 |  7.5
Earth Magic    | 5 8 |  8.8
Maces & Flails | 4 |  4.3
Stealth        | |  1.7

Action                     |  1- 3 |  4- 6 |  7- 9 | 10-12 | 13-15 | 16-18 | 19-21 || total
---------------------------+-------+-------+-------+-------+-------+-------+-------++-------
  Melee: Hand axe          |     4 |     2 |     6 |       |       |       |       ||    12
         Flail             |       |       |    38 |    79 |   229 |    87 |    35 ||   468
         Punch             |       |       |     1 |       |       |       |       ||     1
   Cast: Magic Dart        |    65 |    91 |    36 |       |    20 |       |       ||   212
         Searing Ray       |     5 |    14 |    10 |     3 |     2 |       |       ||    34
         Iskenderun's Myst |       |       |    89 |   188 |   825 |  1009 |   123 ||  2234
         Stone Arrow       |       |       |       |     8 |    41 |   138 |     4 ||   191
         Frozen Ramparts   |       |       |       |     3 |     9 |     5 |     2 ||    19
         Sublimation of Bl |       |       |       |       |       |    52 |    21 ||    73
         Swiftness         |       |       |       |       |       |     4 |     2 ||     6
         Iron Shot         |       |       |       |       |       |   111 |   273 ||   384
         Wereblood         |       |       |       |       |       |       |     1 ||     1
  Evoke: Wand              |       |       |       |     9 |     3 |       |       ||    12
         Phial of floods   |       |       |       |       |       |     1 |       ||     1
    Use: Potion            |       |       |     1 |     6 |    12 |    10 |    19 ||    48
         Scroll            |       |       |       |    14 |    23 |    16 |     3 ||    56
   Stab: Sleeping          |       |       |       |       |     1 |       |       ||     1
 Armour: Robe              |    15 |       |       |       |       |       |       ||    15
         Ring mail         |       |     9 |    56 |   103 |    86 |       |       ||   254
         Chain mail        |       |       |       |       |   268 |   308 |    87 ||   663
         Fire dragon scale |       |       |       |       |    19 |       |       ||    19
         Quicksilver drago |       |       |       |       |       |    54 |    28 ||    82
  Dodge: Dodged            |    58 |    10 |    88 |    99 |   297 |   244 |    92 ||   888
         Repelled          |       |       |     2 |     1 |    10 |    36 |     6 ||    55
  Block: Buckler           |       |       |     4 |    52 |   399 |       |       ||   455
         Reflection        |       |       |       |       |    26 |   135 |    48 ||   209
         Kite shield       |       |       |       |       |    40 |   806 |   272 ||  1118
